 Dungeon Crawl Stone Soup version 0.21-a0-513-gdcb3f5e (webtiles) character file.

18 Dawnplanks the Shield-Bearer (level 2, 29/29 HPs)
             Began as a Gnoll Fighter on Dec 1, 2017.
             Quit the game on level 1 of the Dungeon.
             The game lasted 00:00:52 (282 turns).

Dawnplanks the Shield-Bearer (Gnoll Fighter)         Turns: 282, Time: 00:00:52

Health: 29/29      AC:  7    Str: 18    XL:     2   Next: 66%
Magic:  2/2        EV:  8    Int: 10    God:
Gold:   30         SH: 10    Dex: 14    Spells: 2/2 levels left

rFire    . . .     SeeInvis .   o - -2 hand axe (curse)
rCold    . . .     Gourm    .   c - +0 shield
rNeg     . . .     Faith    .   b - +0 scale mail
rPois    .         Spirit   .   (no helmet)
rElec    .         Reflect  .   (no cloak)
rCorr    .         Harm     .   (no gloves)
MR       .....                  (no boots)
Stlth    ..........             (no amulet)
HPRegen  0.09/turn              (no ring)
MPRegen  0.08/turn              (no ring)

@: no status effects
A: distributed training, fangs 1, strong nose
a: no special abilities


You were on level 1 of the Dungeon.
You were not hungry.

You visited 1 branch of the dungeon, and saw 1 of its levels.

You collected 30 gold pieces.

Inventory:

Hand Weapons
 a - a +0 war axe
 o - a cursed -2 hand axe (weapon)
Armour
 b - a +0 scale mail (worn)
 c - a +0 shield (worn)
 j - a +0 large shield
Scrolls
 h - 2 scrolls of enchant armour {unknown}
 i - a scroll of identify {unknown}
 k - a scroll of enchant weapon {unknown}
Potions
 d - a potion of might
 e - a potion of lignification {unknown}
 m - a potion of heal wounds {unknown}
 n - a potion of brilliance {unknown}
Comestibles
 f - a bread ration
 g - a meat ration
 l - 4 fruits


   Skills:
 + Level 6.5 Fighting
 + Level 0.5 Short Blades
 + Level 0.5 Long Blades
 + Level 4.5 Axes
 + Level 0.5 Maces & Flails
 + Level 0.5 Polearms
 + Level 0.5 Staves
 + Level 0.5 Slings
 + Level 0.5 Bows
 + Level 0.5 Crossbows
 + Level 0.5 Throwing
 + Level 6.5 Armour
 + Level 0.5 Dodging
 + Level 0.5 Stealth
 + Level 6.5 Shields
 + Level 0.5 Unarmed Combat
 + Level 0.5 Spellcasting
 + Level 0.3 Conjurations
 + Level 0.3 Hexes
 + Level 0.3 Charms
 + Level 0.3 Summonings
 + Level 0.3 Necromancy
 + Level 0.3 Translocations
 + Level 0.3 Transmutations
 + Level 0.3 Fire Magic
 + Level 0.3 Ice Magic
 + Level 0.3 Air Magic
 + Level 0.3 Earth Magic
 + Level 0.3 Poison Magic
 + Level 0.6 Invocations
 + Level 0.5 Evocations


You had 2 spell levels left.
You didn't know any spells.

Dungeon Overview and Level Annotations

Branches:
Dungeon (1/15)

Altars:


Innate Abilities, Weirdness & Mutations

Your experience applies equally to all skills.
You have very sharp teeth.
Your uncanny sense of smell can sniff out nearby items.


Message History

You barely miss the rat. You block the rat's attack. The rat barely misses you.
You slash the rat!
You kill the rat!
No target in view!
No target in view!
No target in view!
No target in view!
No target in view!
No target in view!
No target in view!
No target in view!
It sticks to your hand!
o - a cursed -2 hand axe (weapon)
You see here a rat corpse.
A rat comes into view.
A rat is nearby!
A rat is nearby!
Quiver which item? (- for none, * to show all) (? for menu, Esc to quit)
Okay, then.
Are you sure you want to abandon this character and quit the game? (Confirm with "yes".)

#..# #.# #.....
...# #.# #.####
#####.###.####
#............. #
#..########### .r
##.#
#.#.########.#
...........#.#
#...?@..†#.####
................#
#.#.?......#.##.#
#.......##.# #
#.......##..
#.......#####
####.##.# #. #..
#


You could see a rat.

Vanquished Creatures
  2 leopard geckos (D:1)
  A bat (D:1)
  2 giant cockroaches (D:1)
  A goblin (D:1)
  2 hobgoblins (D:1)
  2 kobolds (D:1)
  2 frilled lizards (D:1)
  2 rats (D:1)
14 creatures vanquished.

Notes
Turn   | Place    | Note
-------+----------+-------------------------------------------
     0 | D:1      | Dawnplanks the Gnoll Fighter began the quest for the Orb.
     0 | D:1      | Reached XP level 1. HP: 23/23 MP: 1/1
    92 | D:1      | Reached XP level 2. HP: 29/29 MP: 2/2
   282 | D:1      | Quit the game

Vault maps used:
D:1:      evilmike_arrival_come_back

Action                   || total
-------------------------++-------
Melee: War axe           ||    29
       Bite              ||     1
Armor: Scale mail        ||    10
Dodge: Dodged            ||     6
Block: Shield            ||    25

Table legend:
 A = Spawn XP
 B = Non-spawn XP
 C = Spawn XP percentage of total XP
 D = Spawn monster count
 E = Non-spawn monster count
 F = Spawn count percentage of total count
 G = Total turns spent on level
                    A         B        C        D         E        F      G
               +---------+---------+-------+---------+---------+-------+---------
         Total |       0 |      26 |   0.0 |       0 |      14 |   0.0 |   282
               +---------+---------+-------+---------+---------+-------+---------
           D:1 |       0 |      26 |   0.0 |       0 |      14 |   0.0 |   282
               +---------+---------+-------+---------+---------+-------+---------
